 Dungeon Crawl Stone Soup version 0.20.1-1-g8b1a95d (webtiles) character file.

37 Irenicus the Insei (level 3, 0/26 HPs)
             Began as an Octopode Chaos Knight on Oct 27, 2017.
             Succumbed to an adder's poison
             ... on level 2 of the Dungeon.
             The game lasted 00:02:09 (1045 turns).

Irenicus the Insei (Octopode Chaos Knight)          Turns: 1045, Time: 00:02:10

Health: 0/26       AC:  1    Str: 10 (11) XL:     3   Next: 39%
Magic:  3/3        EV: 13    Int: 12 (14) God:    Xom [...*..]
Gold:   121        SH:  2    Dex:  9 (12) Spells: 2/2 levels left

rFire    . . .     SeeInvis .     - Unarmed
rCold    . . .     Gourm    .   (no shield)
rNeg     . . .     Faith    .   (helmet restricted)
rPois    .         Spirit   .   g - +2 amulet of reflection
rElec    .         Reflect  +   b - ring of teleportation (curse)
rCorr    .         Harm     .   (no ring)
MR       .....     Rnd*Tele +   (no ring)
Stlth    ++........             (no ring)
Regen    0.1/turn               (no ring)
MPRegen  0.1/turn               (no ring)
                                (no ring)
                                (no ring)

@: lethally poisoned (0 -> -11)
A: almost no armour, stealthy swim, amphibious, 8 rings, constrict 8, camouflage
1, gelatinous body 1
a: Renounce Religion


You were on level 2 of the Dungeon.
You worshipped Xom.
You were a favourite toy of Xom.
You were not hungry.

You visited 1 branch of the dungeon, and saw 2 of its levels.

You collected 121 gold pieces.

Inventory:

Jewellery
 b - a cursed ring of teleportation (left tentacle)
 g - a +2 amulet of reflection (around mantle)
Scrolls
 c - 2 scrolls of identify {unknown}
 d - a scroll of blinking {unknown}
Comestibles
 a - 2 bread rations
 f - 2 fruits


   Skills:
 - Level 3.0 Fighting
 - Level 2.3 Dodging
 + Level 4.3 Unarmed Combat


You had 2 spell levels left.
You didn't know any spells.

Dungeon Overview and Level Annotations

Branches:
Dungeon (2/15)

Altars:


Innate Abilities, Weirdness & Mutations

You cannot wear most types of armour.
You are very stealthy in the water. (Stealth+)
You are amphibious.
You can wear up to eight rings at the same time.
You can use your tentacles to constrict eight enemies at once.
Your skin changes colour to match your surroundings (Stealth+).
Your rubbery body absorbs attacks. (AC +1, EV +1)


Message History

You aren't carrying any potions.
You tentacle-slap the adder. Your grab misses the adder.
The adder is heavily wounded.
The adder bites you.
* * * LOW HITPOINT WARNING * * *
You are more poisoned.
The adder poisons you!
You closely miss the adder. Your grab misses the adder.
The adder is heavily wounded.
* * * LOW HITPOINT WARNING * * *
You feel sick. The adder bites you.
* * * LOW HITPOINT WARNING * * *
You barely miss the adder. Your grab misses the adder.
The adder is heavily wounded.
* * * LOW HITPOINT WARNING * * *
You feel sick. The adder closely misses you.
You tentacle-slap the adder.
You kill the adder!
You die...
Xom chortles!

#w.# ...#
#..# #.
#..# ##..
#..#
...##..#
#..#..#
#..#..#
#....@#
#.#...#
#...#
##..#####
#.......#
#.......#
#.)>....#
#.......#
#.......#


There were no monsters in sight!

Vanquished Creatures
  2 adders (D:2)
  2 bats
  5 goblins
  4 hobgoblins (D:2)
  A kobold (D:2)
  A frilled lizard (D:2)
  3 rats (D:1)
18 creatures vanquished.

Vanquished Creatures (others)
  7 toadstools (D:1)
7 creatures vanquished.

Grand Total: 25 creatures vanquished

Notes
Turn   | Place    | Note
-------+----------+-------------------------------------------
     0 | D:1      | Irenicus the Octopode Chaos Knight began the quest for the Orb.
     0 | D:1      | Reached XP level 1. HP: 16/16 MP: 1/1
   195 | D:1      | XOM: divination: detect items
   210 | D:1      | XOM: cloud trail
   243 | D:1      | Reached XP level 2. HP: 17/21 MP: 2/2
   807 | D:2      | Reached skill level 4 in Unarmed Combat
   807 | D:2      | Reached XP level 3. HP: 10/26 MP: 3/3
   837 | D:2      | HP: 1/26 [poisoned by an adder]
  1021 | D:2      | XOM: 3-stop teleportation journey
  1044 | D:2      | HP: 1/26 [poisoned by an adder]
  1045 | D:2      | Succumbed to an adder's poison

Skill      XL: |  1  2 |
---------------+-------+-----
Unarmed Combat | 4 |  4.3
Fighting       | |  3.0
Dodging        | |  2.3

Action                   || total
-------------------------++-------
Melee: Unarmed           ||    44
       Constrict         ||    11
       Tentacles         ||     3
       Punch             ||     2
  Use: Potion            ||     3
Armor: Skin              ||     3
Dodge: Dodged            ||    20
Block: Other             ||     1
